Map: Distant Plane

Players

Timmy

  • Race: Zerg Zerg

Apple

  • Race: Zerg Zerg
  • League: Diamond

Kirby

  • Race: Terran Terran

Tenonee

  • Race: Zerg Zerg
  • League: Diamond

VOD

Have the link to the VOD?

Description

Time

  • Played on: July 26, 2016, 2:11 p.m.
  • Length: 16:18
Show
View Real Time Build Order
Export as new Build Order

Timmy Zerg 

Build Orders: Hatch First, Lurkers 

Get SALT Encoding   

  12  0:05  Drone  
  13  0:13  Overlord  
  13  0:18  Drone  
  14  0:31  Drone x2  
  16  0:40  Drone  
  17  0:51  Drone  
  18  0:59  Hatchery  
  17  1:10  Drone  
  18  1:15  Spawning Pool  
  18  1:18  Extractor  
  16  1:21  Drone  
  16  1:23  Drone  
  18  1:32  Drone  
  19  1:42  Drone  
  20  1:54  Overlord  
  20  2:03  Queen  
  22  2:11  Queen  
  22  2:13  Drone x2  
  26  2:20  Drone  
  26  2:22  Drone  
  28  2:25  Drone  
  29  2:33  Drone  
  30  2:44  Roach Warren  
  29  2:57  Drone x2  
  29  2:58  Overlord  
  31  3:16  Spore Crawler  
  30  3:22  Hatchery  
  30  3:23  Roach x2  
  30  3:24  Roach x3  
  30  3:26  Roach  
  41  3:29  Drone  
  41  3:31  Drone  
  43  3:47  Overlord x2  
  43  3:51  Spore Crawler  
  43  3:53  Lair  
  43  3:55  Extractor  
  41  4:03  Drone  
  41  4:05  Roach x2  
  41  4:07  Overlord  
  46  4:15  Extractor  
  45  4:27  Roach x2  
  45  4:28  Roach x3  
  55  4:34  Roach  
  55  4:38  Roach  
  51  4:48  Roach  
  51  4:52  Queen  
  51  4:57  Drone x5  
  58  5:02  Extractor  
  58  5:05  Drone x2  
  59  5:11  Drone x2  
  61  5:15  Drone  
  62  5:26  Spine Crawler  
  61  5:32  Drone  
  61  5:33  Drone x4  
  66  5:36  Glial Reconstitution  
  66  5:45  Hydralisk Den  
  66  5:49  Overseer  
  65  5:52  Pneumatized Carapace  
  65  5:53  Drone x2  
  67  5:58  Drone x2  
  67  6:00  Spore Crawler  
  68  6:07  Drone x3  
  71  6:19  Lurker Den  
  71  6:26  Drone x2  
  71  6:27  Drone  
  71  6:28  Overlord x2  
  74  6:35  Evolution Chamber  
  74  6:37  Evolution Chamber  
  74  6:39  Overlord  
  72  6:43  Extractor  
  72  6:45  Drone x3  
  72  6:46  Drone x2  
  76  6:47  Drone  
  76  6:48  Drone x2  
  76  6:51  Metabolic Boost  
  79  7:02  Overlord  
  79  7:04  Zerg Missile Weapons Level 1  
  79  7:05  Zerg Ground Armor Level 1  
  79  7:07  Hydralisk  
  81  7:15  Hydralisk x3  
  77  7:33  Hydralisk x3  
  77  7:34  Hydralisk  
  85  7:39  Extractor  
  84  7:45  Muscular Augments  
  84  7:47  Hatchery  
  84  7:48  Hydralisk  
  84  7:49  Hydralisk x3  
  91  7:58  Hydralisk x4  
  99  8:06  Hydralisk  
  99  8:07  Hydralisk x2  
  103  8:18  Hydralisk x3  
  103  8:19  Hydralisk  
  99  8:45  Overlord x3  
  99  8:46  Overlord  
  89  9:00  Lurker x5  
  89  9:02  Zergling x8  
  98  9:03  Zergling x12  
  102  9:14  Drone x5  
  102  9:16  Zerg Melee Weapons Level 1  
  107  9:17  Zerg Missile Weapons Level 2  
  107  9:23  Zergling x10  
  107  9:24  Zergling x4  
  113  9:27  Infestation Pit  
  106  9:34  Hydralisk x2  
  106  9:35  Hydralisk x2  
  106  9:36  Drone x2  
  116  9:39  Extractor  
  116  9:40  Extractor  
  114  9:49  Drone x2, Overlord  
  112  10:00  Hydralisk x3  
  118  10:08  Lurker x3  
  118  10:09  Lurker  
  118  10:10  Zergling x4  
  118  10:11  Zergling x8  
  128  10:17  Drone x3  
  128  10:18  Drone, Overlord  
  114  10:41  Hydralisk x5  
  114  10:42  Hydralisk x3  
  104  10:45  Roach  
  104  10:56  Hive  
  104  11:05  Hydralisk x2  
  104  11:06  Hydralisk x3  
  104  11:10  Zerg Ground Armor Level 2  
  109  11:21  Hydralisk x4  
  109  11:22  Hydralisk x2  
  109  11:23  Zergling x6  
  124  11:33  Zerg Melee Weapons Level 2  
  124  11:36  Hydralisk x2  
  124  11:37  Hydralisk x2  
  132  11:54  Queen  
  132  11:55  Overlord x2  
  132  11:56  Hydralisk  
  132  11:58  Overlord  
  136  12:05  Overlord  
  136  12:13  Queen  
  126  12:32  Hydralisk  
  126  12:33  Hydralisk x7  
  126  12:34  Hydralisk x4  
  150  12:40  Ultralisk Cavern  
  149  13:00  Hatchery  
  148  13:10  Hydralisk  
  148  13:11  Hydralisk x3  
  148  13:12  Overlord  
  138  13:36  Lurker x2  
  138  13:37  Lurker x5  
  139  14:01  Hydralisk x5  
  139  14:02  Hydralisk x2  
  146  14:03  Roach  
  132  14:30  Hydralisk x6  
  132  14:31  Hydralisk  
  146  14:53  Chitinous Plating  
  146  15:02  Drone x5  
  146  15:03  Drone  
  152  15:11  Hydralisk x2  
  156  15:32  Hatchery  
Show
View Real Time Build Order
Export as new Build Order

Apple Zerg 

Build Orders: Hatch First 

Get SALT Encoding   

  12  0:02  Drone  
  13  0:14  Overlord  
  13  0:24  Drone  
  13  0:26  Extractor, Drone  
  15  0:33  Drone  
  16  0:37  Drone  
  17  1:01  Hatchery  
  17  1:03  Drone x2  
  18  1:18  Extractor  
  17  1:19  Spawning Pool  
  17  1:21  Drone  
  17  1:32  Drone  
  17  1:33  Drone  
  19  1:43  Overlord  
  19  2:07  Queen  
  21  2:09  Zergling x4  
  21  2:15  Zergling x4  
  25  2:17  Queen  
  25  2:20  Metabolic Boost  
  27  2:25  Zergling x4  
  29  2:42  Drone  
  29  2:43  Drone  
  31  2:50  Drone x2  
  33  2:58  Drone x2  
  35  3:07  Overlord x2  
  35  3:20  Drone  
  35  3:22  Overlord  
  35  3:25  Baneling Nest, Queen  
  37  3:28  Drone x4  
  37  3:34  Spine Crawler  
  40  3:41  Drone  
  41  3:43  Drone x3  
  44  4:00  Drone x3  
  44  4:01  Drone  
  48  4:15  Lair  
  48  4:16  Drone x2  
  50  4:20  Roach Warren  
  50  4:22  Extractor  
  50  4:23  Extractor  
  42  4:25  Zergling x8  
  42  4:26  Zergling x2  
  47  4:42  Zergling x6  
  44  5:02  Roach x5  
  54  5:08  Drone  
  54  5:09  Extractor  
  54  5:17  Drone x2  
  54  5:18  Drone x2  
  58  5:23  Glial Reconstitution  
  58  5:35  Roach  
  60  5:36  Overlord x3  
  60  5:50  Overlord x2  
  60  6:00  Roach x5  
  60  6:04  Roach  
  72  6:06  Roach x3  
  72  6:09  Roach  
  80  6:16  Roach x4  
  88  6:22  Ravager x2  
  88  6:23  Ravager x4  
  88  6:25  Hatchery  
  93  6:37  Roach  
  93  6:38  Roach x2  
  99  6:43  Overlord x2  
  99  6:44  Overlord  
  99  7:01  Roach  
  99  7:02  Roach x4  
  99  7:03  Overlord x2  
  77  7:17  Roach  
  77  7:18  Roach x4  
  81  7:25  Roach x2  
  81  7:29  Ravager x5  
  90  7:36  Roach  
  90  7:37  Roach x2  
  96  7:39  Zergling x2  
  96  7:40  Zergling x2  
  52  8:27  Zergling x2  
  52  8:28  Zergling x22  
  64  8:37  Queen  
  64  8:38  Drone  
  64  8:39  Drone x2  
  64  8:51  Zergling x6  
  64  8:55  Overseer  
  67  8:59  Drone  
  67  9:00  Drone x3  
  70  9:10  Roach  
  70  9:11  Roach x6  
  70  9:17  Evolution Chamber x2  
  68  9:37  Roach x4  
  68  9:38  Roach x6  
  88  9:43  Infestation Pit  
  87  9:46  Drone x2  
  87  9:47  Drone  
  90  10:11  Zerg Missile Weapons Level 1, Zerg Ground Armor Level 1  
  90  10:15  Drone  
  90  10:16  Drone x3  
  94  10:23  Hatchery  
  93  10:30  Pathogen Glands  
  84  10:46  Roach  
  84  10:47  Roach x8  
  82  11:03  Infestor x3  
  86  11:06  Roach  
  86  11:07  Roach x3  
  79  11:38  Roach  
  79  11:39  Roach x11  
  103  11:42  Infestor  
  105  11:54  Overlord  
  105  12:23  Roach x8  
  121  12:43  Ravager x2  
  125  12:44  Ravager x5  
  125  12:45  Ravager x4  
  132  13:38  Hatchery  
  124  14:22  Roach x4  
Show
View Real Time Build Order
Export as new Build Order

Kirby Terran 

Build Orders: Hellion Opening, Reaper Expand, MMM Bio 

Get SALT Encoding   

  12  0:01  SCV  
  13  0:13  SCV  
  14  0:17  Supply Depot  
  14  0:26  SCV  
  15  0:32  Refinery  
  15  0:39  SCV  
  16  0:45  Barracks  
  16  0:51  SCV  
  17  1:05  SCV  
  18  1:19  SCV  
  19  1:33  Reaper  
  20  1:42  Command Center  
  20  1:43  Orbital Command  
  20  1:59  Supply Depot  
  20  2:04  Factory  
  20  2:10  SCV  
  20  2:14  Barracks Reactor  
  21  2:22  SCV  
  22  2:28  Refinery  
  22  2:34  SCV  
  23  2:46  SCV  
  24  2:58  Orbital Command  
  24  2:59  Barracks Tech Lab  
  24  3:04  Supply Depot  
  24  3:06  Hellion x2  
  28  3:18  SCV  
  29  3:20  Stimpack  
  29  3:28  Barracks  
  29  3:30  Hellion x2, Barracks, SCV  
  34  3:37  SCV  
  35  3:42  SCV  
  36  3:49  SCV  
  36  3:51  Hellion x2  
  36  3:54  SCV  
  42  4:04  Supply Depot  
  42  4:11  Marine  
  43  4:42  Marine, SCV x2  
  43  4:44  Barracks Reactor  
  46  4:54  SCV  
  43  5:05  Marine x2  
  45  5:08  Hellion x2  
  45  5:10  Starport  
  45  5:12  Barracks  
  49  5:16  Supply Depot  
  49  5:17  Supply Depot  
  49  5:19  SCV  
  49  5:20  SCV  
  51  5:22  Command Center, Refinery  
  51  5:23  Marine  
  53  5:32  SCV x2  
  55  5:36  Barracks Tech Lab  
  55  5:39  Marine x2  
  55  5:41  Marauder  
  58  5:44  SCV  
  58  5:45  Barracks  
  58  5:47  Engineering Bay  
  59  5:51  SCV  
  59  5:56  SCV  
  61  5:59  Starport Reactor  
  61  6:01  Supply Depot, Combat Shields  
  61  6:03  Barracks Reactor  
  61  6:05  Marauder  
  61  6:06  Marauder  
  61  6:07  Marine x2  
  61  6:09  Hellion  
  61  6:10  Hellion  
  71  6:26  SCV x2  
  71  6:29  Marine x2  
  71  6:31  Supply Depot  
  75  6:33  Marauder  
  75  6:34  Barracks Reactor  
  75  6:38  SCV x2  
  79  6:42  Missile Turret  
  79  6:45  Refinery  
  79  6:46  Missile Turret  
  79  6:47  Missile Turret  
  79  6:49  Marine x2  
  79  6:50  Terran Infantry Weapons Level 1, SCV  
  82  6:54  Starport  
  74  7:11  Marine x5  
  70  7:20  Marine x3  
  67  7:24  Liberator  
  67  7:25  Medivac  
  67  7:28  Marine  
  67  7:29  Marine  
  70  7:33  SCV x2  
  70  7:35  Marine x2  
  74  7:39  Marauder x2  
  81  7:53  Medivac  
  81  7:54  Supply Depot  
  81  7:55  Medivac  
  71  8:13  Marine x3  
  71  8:19  Marine x5  
  67  8:31  Marine x3  
  70  8:36  Marine  
  70  8:37  Marine x4  
  67  8:46  Widow Mine x2  
  71  8:49  Marine x3  
  71  8:54  Marine x2  
  71  8:55  Marine x3  
  79  9:04  Medivac x2  
  79  9:06  Marine  
  79  9:07  Marine x2  
  86  9:12  Marine x4  
  86  9:13  Marine  
  91  9:19  Supply Depot  
  91  9:24  Marine x3  
  91  9:30  Marine x3  
  97  9:49  Marine x4  
  97  9:50  Marine  
  102  9:59  Marine x3  
  105  10:06  Widow Mine x2  
  109  10:07  Marine x4  
  109  10:08  Marine  
  114  10:17  Marine, Marauder  
  114  10:18  Marine  
  118  10:22  Terran Infantry Armor Level 1  
  118  10:24  Engineering Bay  
  118  10:25  Marine x2  
  118  10:28  Armory  
  104  10:46  Marine x3  
  104  10:47  Marine  
  104  10:48  Marine  
  104  10:49  Marine x2, Marauder  
  77  11:21  Marine x5  
  77  11:22  Marine x2, Marauder  
  77  11:24  Terran Infantry Weapons Level 2  
  86  11:32  Planetary Fortress  
  86  11:33  Barracks  
  86  11:34  Barracks  
  86  11:38  Barracks  
  86  11:39  Marine x2, Barracks  
  88  11:40  Marauder  
  90  12:08  Marine x4  
  91  12:14  SCV x3  
  97  12:36  Command Center  
  96  12:43  Marine x3  
  96  12:44  Marine x2  
  99  12:45  Marauder x2  
  99  12:49  Refinery  
  105  12:51  Refinery  
  105  12:56  Barracks Reactor  
  105  12:57  Barracks Tech Lab  
  105  12:59  Barracks Reactor x2  
  105  13:02  Terran Infantry Armor Level 2  
  105  13:06  Marauder x2  
  93  13:27  Marauder  
  93  13:28  Marauder  
  93  13:30  Missile Turret  
  93  13:31  Marine x6  
  93  13:32  Marauder  
  101  13:38  Medivac  
  101  13:39  Medivac  
  101  13:40  Medivac  
  107  13:45  Marine x3  
  88  13:57  Marine  
  88  13:58  Marine x4  
  93  14:08  Medivac  
  76  14:13  Marine x3  
  76  14:14  Marine  
  69  14:19  Marine x4  
  69  14:20  Marauder x3  
  79  14:25  Marine x4  
  79  14:31  Marine  
  72  14:48  Widow Mine x2  
  67  15:04  Marine x4  
  67  15:05  Marine x2  
  53  15:51  Marine x4  
  53  15:52  Marine x2  
  59  15:59  Barracks  
Show
View Real Time Build Order
Export as new Build Order

Tenonee Zerg 

Build Orders: Hatch First 

Get SALT Encoding   

  12  0:02  Drone  
  13  0:09  Drone  
  14  0:20  Overlord  
  14  0:28  Extractor  
  13  0:30  Extractor  
  13  0:31  Drone x2  
  16  0:38  Drone  
  17  0:47  Drone  
  18  1:01  Hatchery  
  17  1:05  Drone  
  17  1:08  Extractor  
  17  1:21  Spawning Pool  
  16  1:41  Drone x2  
  16  1:42  Drone  
  19  1:54  Overlord  
  19  2:08  Queen  
  19  2:09  Metabolic Boost  
  19  2:13  Queen  
  23  2:17  Drone  
  23  2:21  Drone  
  25  2:24  Drone  
  25  2:28  Drone  
  27  2:35  Drone x2  
  29  2:44  Zergling x2  
  30  2:54  Drone x2  
  30  2:57  Queen  
  34  2:59  Overlord  
  34  3:03  Baneling Nest  
  33  3:13  Overlord  
  33  3:15  Drone x2  
  35  3:34  Zergling x4  
  35  3:35  Zergling x10  
  42  3:42  Drone  
  42  3:47  Roach Warren  
  41  3:57  Zergling x10  
  41  3:58  Zergling x4  
  48  4:09  Overlord  
  47  4:12  Drone  
  47  4:13  Drone  
  40  4:44  Drone x5  
  40  4:45  Lair  
  44  4:49  Evolution Chamber, Extractor  
  44  4:50  Extractor  
  40  4:53  Zergling x2  
  40  4:54  Zergling x10  
  44  5:00  Drone x2  
  46  5:13  Extractor  
  45  5:22  Drone x3  
  45  5:23  Drone x2  
  45  5:25  Drone x4  
  51  5:43  Glial Reconstitution  
  51  5:44  Zerg Ground Armor Level 1  
  51  5:49  Hatchery  
  50  5:57  Overseer  
  50  5:59  Overlord x3  
  47  6:29  Roach  
  47  6:30  Roach x12  
  73  6:33  Overseer  
  73  6:34  Overseer  
  73  6:36  Pneumatized Carapace  
  73  6:44  Drone x3  
  76  6:50  Overlord x2  
  76  6:51  Overlord  
  76  6:56  Roach  
  76  7:11  Roach  
  76  7:12  Roach x8  
  78  7:24  Roach x4  
  84  7:34  Roach  
  84  7:35  Roach  
  88  7:38  Zerg Missile Weapons Level 1  
  80  8:06  Roach  
  80  8:07  Roach x8  
  78  8:25  Roach x4  
  82  8:29  Ravager x2  
  82  8:30  Ravager x2  
  82  8:32  Roach x2  
  82  8:33  Roach x2  
  94  8:53  Roach x3  
  100  8:55  Overlord  
  100  8:56  Overlord x4  
  98  9:12  Roach  
  98  9:14  Hatchery  
  98  9:16  Infestation Pit  
  98  9:21  Roach  
  98  9:22  Roach x5  
  110  9:32  Zerg Ground Armor Level 2  
  110  9:34  Roach x2  
  110  9:35  Roach  
  116  9:39  Queen  
  116  9:40  Extractor  
  116  9:41  Zergling x2  
  116  9:43  Extractor  
  117  10:02  Roach  
  117  10:03  Roach x3  
  117  10:06  Pathogen Glands  
  125  10:09  Hive  
  125  10:17  Drone x6  
  125  10:18  Drone  
  71  10:44  Roach  
  71  10:45  Roach x6  
  80  11:04  Drone x3  
  83  11:16  Infestor x4  
  91  11:32  Hatchery  
  90  11:45  Evolution Chamber  
  89  11:48  Ultralisk Cavern  
  88  12:00  Extractor  
  87  12:02  Extractor  
  86  12:10  Drone  
  85  12:40  Chitinous Plating  
  85  12:42  Zerg Melee Weapons Level 1, Zerg Ground Armor Level 3  
  85  12:45  Ultralisk  
  85  12:46  Ultralisk x4  
  115  12:56  Overlord  
  115  13:01  Queen  
  115  13:02  Drone  
  115  13:03  Drone x3  
  115  13:05  Drone  
  122  13:16  Zergling x2  
  122  13:17  Zergling x2  
  120  13:33  Overseer  
  94  13:54  Spire  
  78  14:08  Ultralisk x3  
  45  15:07  Mutalisk x10  
  45  15:08  Mutalisk  
  67  15:24  Zergling x2  
  67  15:25  Zergling x26  
  58  15:51  Mutalisk  
  58  15:52  Mutalisk  
Tags
 
Add a new tag
Caveats
  • Supply blocks, unpowered buildings, or Contaminate may cause inaccurate times.
  • Supply counts are checked every 10 seconds.